← All builds
Tech / Armada / Economy first / OBSERVED BUILD

Standard tech

Armada Tech (Eco) build order · Supreme Isthmus

Rushes T2 factory and T2 constructor to supply the team, upgrading mexes first and sending the first T2 constructor to Geo before scaling its own eco.

Usually first T2 con to Geo (82%)

#eco #t2 #team support · 1703 distinct matches · 264 players · 60% of Armada Tech games · team won 54% of 2019 · Recently observed

HOW TO PLAY IT

Key timing: T2 factory by 4:15

  1. Open 3 mex and heavy wind to fund a fast T2 rush.
  2. Put down Bot Lab, planning to eat it for reclaim soon after.
  3. Get Advanced Bot Lab up, hitting the T2 factory rush timing.
  4. Upgrade mex to Advanced Metal Extractor to lock in team metal income.
  5. Eat Advanced Bot Lab and keep sending cons to Geo and Pond.

Phase by phase

TYPICAL OF ITS 1703 GAMES
  1. 1
  2. 2
  3. 3
  4. 4
PLAY THE OPENING

Follow the example game's first 6:00 step by step: what to build now, what comes next, and where it goes. At 1× it keeps pace with your own game.

  1. 1

    Up to the Bot Lab

    Economy
    • Metal Extractor3Mex
    • Wind Turbine4Wind
    Order
    1. Bot LabBot Lab after 3 mex, 4 winddone ~1:18, middle half 1:13–1:32

    Some games also: energy storage (32%)

    By 1:01 in all: 3 mex · 4 wind

    The example game in this phase · 3 steps
    1. Mex ×3
    2. Wind ×4
    3. Bot LabBot Labdone 1:16 · typical 1:18
  2. 2

    Bot Lab to Advanced Bot Lab

    Economy
    • Metal Extractor1Mex
    • Wind Turbine8Wind
    • Energy Storage1Energy storage
    Order
    1. Advanced Bot LabAdvanced Bot Lab after 4 mex, 12 wind, 3 con turretdone ~4:16, middle half 4:04–4:30
    Builders
    • Construction Turret3 Con turret
    • Lazarus3 Lazarus
    • Construction Bot2 Con bot
    • Construction Bot1 Con bot for allies

    Some games also: converter (35%)

    By 3:18 in all: 4 mex · 12 wind · 1 energy storage · 3 con turret

    The example game in this phase · 24 steps
    1. Construction BotCon bot
    2. LazarusLazarus
    3. LazarusLazarusfor Geo sea
    4. Wind ×2
    5. Mex
    6. Wind ×2
    7. Construction BotCon botfor Geo sea
    8. Converter
    9. Construction BotCon botfor Air
    10. Wind ×4
    11. Converter
    12. Wind ×2
    13. Construction BotCon bot
    14. LazarusLazarus
    15. Con turret
    16. Converter
    17. LazarusLazarus ×2
    18. Con turret
    19. Energy storage
    20. Converter
    21. Energy storage
    22. Con turret
    23. Wind ×2
    24. Advanced Bot LabAdvanced Bot Labdone 5:13 · typical 4:16
  3. 3

    Advanced Bot Lab to 5:00

    Economy
    • Wind Turbine3Wind
    Order
    1. Bot LabEat Bot Lab
    Builders
    • Advanced Construction Bot1 T2 con bot for allies

    Some games also: converter (35%)

    By 5:00 in all: 4 mex · 15 wind · 1 converter · 1 energy storage · 3 con turret

    The example game in this phase · 1 step
    1. Bot LabEat Bot Labreclaimed for its metal
  4. 4

    5:00 to 10:00

    Economy
    • Wind Turbine43Wind
    • Energy Converter6Converter
    Builders
    • Butler9 Butler
    • Advanced Construction Bot4 T2 con bot for allies
    • Advanced Construction Bot1 T2 con bot

    Some games also: con turret (43%) · Butler for allies (36%)

    By 10:00 in all: 4 mex · 59 wind · 8 converter · 1 energy storage · 3 con turret

    The example game in this phase · 191 steps
    1. Advanced Construction BotT2 con botfor Geo
    2. Advanced Metal ExtractorT2 mexdone 5:51 · typical 5:28
    3. Advanced Construction BotT2 con botfor Air
    4. Advanced Metal ExtractorT2 mex ×2
    5. Advanced Construction BotT2 con botfor Geo sea
    6. ButlerButler ×3
    7. Advanced Metal ExtractorT2 mex
    8. ButlerButler ×3
    9. Wind ×3
    10. Advanced Construction BotT2 con botfor Beach sea
    11. Converter
    12. Wind
    13. Converter
    14. Wind
    15. Advanced Construction BotT2 con botfor Pond
    16. Wind
    17. Converter
    18. Wind ×2
    19. Converter
    20. Wind
    21. Converter
    22. Wind ×4
    23. SprinterSprinter
    24. Wind
    25. Converter
    26. Wind
    27. ButlerButlerfor Beach sea
    28. Wind
    29. Converter
    30. Wind
    31. ButlerButlerfor Beach sea
    32. Wind ×2
    33. Converter
    34. Wind
    35. Advanced Construction BotT2 con botfor Suicide front
    36. Wind
    37. Converter
    38. Wind
    39. Con turret
    40. Converter
    41. Wind ×2
    42. ButlerButler
    43. Converter
    44. Wind ×2
    45. ButlerButler
    46. Converter
    47. Wind
    48. Converter
    49. ButlerButler
    50. Wind ×2
    51. Converter
    52. Wind ×2
    53. Converter
    54. ButlerButler
    55. Wind ×2
    56. ButlerButler
    57. Wind
    58. Converter
    59. Wind
    60. ButlerButler
    61. Wind ×2
    62. Converter
    63. Wind ×3
    64. Converter
    65. Wind ×4
    66. Converter
    67. Wind
    68. UmbrellaAnti-nukedone 11:03
    69. Wind ×4
    70. Converter
    71. Wind ×4
    72. Converter
    73. Wind ×5
    74. Converter
    75. Wind ×5
    76. Converter
    77. Wind ×5
    78. Converter
    79. Wind ×2
    80. Advanced Construction BotT2 con bot
    81. Wind ×7
    82. Advanced Construction BotT2 con bot
    83. Wind ×4
    84. Converter
    85. Wind ×3
    86. Converter
    87. Wind ×6
    88. Converter
    89. Wind ×5
    90. Con turret
    91. Converter
    92. Wind ×4
    93. Converter
    94. Wind ×6
    95. Converter
    96. Wind ×3
    97. TracerTracer
    98. Wind ×2
    99. Con turret
    100. Wind
    101. Converter
    102. Wind ×3
    103. Advanced Bot LabEat Advanced Bot Labreclaimed for its metal
    104. Converter
    105. Wind ×3
    106. Con turret
    107. Wind ×3
    108. Converter
    109. Con turret
    110. Wind ×3
    111. Converter
    112. Con turret
    113. Wind ×5
    114. Con turret
    115. Wind
    116. Con turret
    117. Converter
    118. Wind ×3
    119. Con turret
    120. Wind ×2
    121. Converter
    122. Con turret
    123. Wind
    124. Con turret
    125. Wind ×3
    126. Con turret
    127. Converter
    128. Wind ×3
    129. Con turret
    130. Wind ×2
    131. Con turret
    132. Wind
    133. Converter
    134. Wind
    135. Advanced Fusion ReactorAdvanced Fusion Reactornot finished by 15:00
    136. Con turret
    137. Wind ×3
    138. Con turret
    139. Wind
    140. Con turret
    141. Wind
    142. Con turret
    143. Converter
    144. Wind
    145. Con turret
    146. Wind ×4
    147. Converter
    148. Wind
    149. Con turret
    150. Wind ×3
    151. Con turret
    152. Wind ×2
    153. Converter
    154. Wind ×4
    155. Converter
    156. Con turret
    157. Wind ×3
    158. Con turret
    159. Wind
    160. Converter
    161. Wind ×2
    162. Con turret
    163. Wind ×3
    164. Con turret
    165. Converter
    166. Wind ×6
    167. Con turret
    168. Converter
    169. Wind ×4
    170. Converter
    171. Wind ×5
    172. Converter
    173. Wind ×3
    174. Con turret
    175. Wind ×3
    176. Converter
    177. Wind ×4
    178. Converter
    179. Wind ×5
    180. Converter
    181. Wind ×5
    182. Converter
    183. Wind ×5
    184. Converter
    185. Wind ×6
    186. Converter
    187. Wind ×4
    188. Converter
    189. Wind ×5
    190. Converter
    191. Wind

Counts are medians over the build's games: half of them build more, half fewer. The example game is BOBI's (31 OS, 23/09/2026); pick another.

Team trades

IN AT LEAST 30% OF ITS GAMES

You hand over

  • Construction Bot1 Con bot to Airfirst at 2:23 · in 84% of games
  • Advanced Construction Bot5 T2 con bot to Air or Geo sea or Pondfirst at 4:51 · in 99% of games
  • Butler2 Butler to Geo sea or Beach sea or Pondfirst at 9:06 · in 42% of games

You get

  • Hercules1 Light transport from Airfirst at 4:02 · in 86% of games

How it plays out

Typical game of this build, running totals by minute

Metal produced

020k40k
0:005:0010:0015:00

metal

Enemy metal destroyed

050100
0:005:0010:0015:00

metal

Own metal lost

050100150
0:005:0010:0015:00

metal

2019 games.

Show as table
ByMetal produced: This buildEnemy metal destroyed: This buildOwn metal lost: This build
1:0038300
2:0091500
3:00165500
4:00314600
5:00484600
6:00580500
7:00723600
8:00907200
9:001120700
10:001354500
11:001626000
12:001967800
13:002346900
14:0027363074
15:003158696130
WHAT THE NUMBERS SAY

Standard Tech play barely fights at all early, instead pouring metal into T2 infrastructure and constructors for the team.

  • + Metal produced hits 31679 by 15:00, by far the highest of any role here.
  • + T2 factory reached in 97% of games by 4:15, fastest and most reliable T2 timing.
  • − Enemy metal destroyed stays at 0 through 10:00, no early offense at all.
  • − Own metal lost also near 0, showing total avoidance of combat risk.
THE EXAMPLE YOU ARE READING

BOBI

30.9 OS · 23/09/2026

Open source match ↗

1 received units
1820 metal received · 123525 energy received

Allied construction assistance is unknown. Timings are observations, not a promise of solo reproducibility.

Typical milestones

Bot Lab1:18Middle 50%: 1:13–1:32 · n=2019
Advanced Bot Lab4:16Middle 50%: 4:04–4:30 · n=2012
Advanced Metal Extractor5:28Middle 50%: 5:05–5:58 · n=2015

Played most by

Amrissa95games of this buildTheGeneraI70games of this buildAdeus57games of this buildEl_Turco56games of this buildKOT_44games of this build